 Dungeon Crawl Stone Soup version 0.27-a0-1200-g94dc6ad4cf (webtiles) character file.

Game seed: 10865639052435181847

5238 lunkers the Geomancer (level 10, -2/63 HPs)
             Began as an Octopode Earth Elementalist on June 1, 2021.
             Was a Follower of Ashenzari.
             Slain by a yak (16 damage)
             ... on level 7 of the Dungeon.
             The game lasted 00:23:57 (10620 turns).

lunkers the Geomancer (OpEE)                       Turns: 10620, Time: 00:23:57

Health: -2/63      AC:  1    Str:  8    XL:     10   Next: 61%
Magic:  20/22      EV: 12    Int: 20    God:    Ashenzari [*.....]
Gold:   430        SH:  5    Dex: 13    Spells: 19/25 levels left

rFire    . . .     SeeInvis .   n - staff of earth
rCold    . . .     Faith    .   r - +2 buckler
rNeg     + . .     Spirit   .   (helmet restricted)
rPois    +         Reflect  .   (no amulet)
rElec    .         Harm     .   j - ring "I Knew You'd Do That" {rPois, Evo, Bglg} (curse)
rCorr    .         Rampage  .   o - ring of Ashenzari's Seer {rN+, Comp, Range} (curse)
Will     .....                  z - ring of the Sibylline Loss {Wiz, Evo, Elem} (curse)
Stlth    +++.......             (no ring)
HPRegen  0.20/turn              (no ring)
MPRegen  0.18/turn              (no ring)
                                (no ring)
                                (no ring)

@: no status effects
A: almost no armour, amphibious, 8 rings, camouflage 1, gelatinous body 1,
(nimble swimmer 1), tentacles
a: Renounce Religion, Shatter the Chains


You were on level 7 of the Dungeon.
You worshipped Ashenzari.
Ashenzari was aware of your devotion.
You visited 2 branches of the dungeon, and saw 9 of its levels.
You also visited: Sewer.

You collected 430 gold pieces.

Inventory:

Hand Weapons
 g - a +2 dagger of venom
 H - a +1 short sword of freezing
Missiles
 b - 179 stones
 A - a throwing net
Armour
 r - a +2 buckler (worn)
 B - a +0 kite shield
Magical Staves
 n - a staff of earth (weapon)
Jewellery
 j - the cursed ring "I Knew You'd Do That" (left tentacle) {rPois, Evo, Bglg}
   (You took it off a hobgoblin on level 2 of the Dungeon)

   [ring of poison resistance]

   It protects you from poison.
   It has a curse which improves the following skills: Evocations: Evocations.
   Beguiling: Conjurations, Hexes and Translocations.
 o - the cursed ring of Ashenzari's Seer (right tentacle) {rN+, Comp, Range}
   (You found it on level 3 of the Dungeon)

   [ring of positive energy]

   It protects you from negative energy.
   It has a curse which improves the following skills: Companions: Summonings
   and Necromancy.
   Ranged Combat: Slings, Bows, Crossbows and Throwing.
 z - the cursed ring of the Sibylline Loss (on tentacle) {Wiz, Evo, Elem}
   (You found it on level 5 of the Dungeon)

   [ring of wizardry]

   It improves your spell success rate.
   It has a curse which improves the following skills: Evocations: Evocations.
   Elements:  Fire Magic, Ice Magic, Air Magic and Earth Magic.
Wands
 s - a wand of polymorph (15)
 u - a wand of mindburst (19)
 D - a wand of charming (2)
 E - a wand of iceblast (8)
Scrolls
 f - 2 scrolls of immolation
 i - a scroll of amnesia
 k - a scroll of silence
 l - 2 scrolls of brand weapon
 q - a scroll of teleportation
 v - 5 scrolls of holy word
 x - 2 scrolls of enchant weapon
 y - 2 scrolls of vulnerability
 G - a scroll of fear
Potions
 a - 4 potions of heal wounds
 c - 2 potions of ambrosia
 d - a potion of berserk rage
 e - 3 potions of flight
 h - a potion of lignification
 m - 3 potions of haste
 p - a potion of magic
 t - 2 potions of attraction
 w - 4 potions of curing
 C - a potion of mutation
 F - a potion of invisibility


   Skills:
 + Level 3.7 Fighting
 - Level 2.0 Dodging
 - Level 2.6 Stealth
 + Level 8.1 Spellcasting
 - Level 1.0 Transmutations
 * Level 12.3(13.1) Earth Magic


You had 19 spell levels left.
You knew the following spells:

 Your Spells              Type           Power      Damage    Failure   Level
a - Stone Arrow           Conj/Erth      100%       3d13      1%          3
b - Passwall              Tmut/Erth      44%        N/A       1%          2
c - Sandblast             Erth           100%       2d20      1%          1

Your spell library contained the following spells:

 Spells                   Type           Power      Damage    Failure   Level
 Lee's Rapid Deconstruct  Erth           37%        3d19*     1%          5
 Petrify                  Tmut/Erth      53%        N/A       3%          4
 Beastly Appendage        Tmut           24%        N/A       4%          1
 Animate Skeleton         Necr           16%        N/A       6%          1
 Apportation              Tloc           16%        N/A       6%          1
 Corona                   Hex            8%         N/A       6%          1
 Magic Dart               Conj           32%        1d4       6%          1
 Summon Small Mammal      Summ           32%        N/A       6%          1
 Wereblood                Tmut           12%        N/A       6%          2
 Poisonous Vapours        Pois/Air       16%        N/A       9%          2
 Searing Ray              Conj           16%        3d3       9%          2
 Spider Form              Tmut/Pois      5%         N/A       14%         3
 Conjure Flame            Conj/Fire      8%         6-21      16%         3
 Dazzling Flash           Conj/Hex       16%        N/A       16%         3
 Mephitic Cloud           Conj/Pois/Air  8%         N/A       16%         3
 Ice Form                 Ice/Tmut       10%        N/A       38%         4
 Fulminant Prism          Conj/Hex       4%         3d6       45%         4
 Iskenderun's Mystic Bla  Conj/Tloc      8%         2d4       45%         4
 Hydra Form               Tmut           6%         N/A       67%         5
 Freezing Cloud           Conj/Ice/Air   4%         6-21      100%        6


Dungeon Overview and Level Annotations

Branches:
Dungeon (8/15)             Temple (1/1) D:6           Sewer (visited)
   Lair: D:8-11

Altars:
Ashenzari
Dithmenos
Elyvilon
Gozag
Hepliaklqana
Kikubaaqudgha
Nemelex Xobeh
Okawaru
Qazlal
Ru
Trog
Wu Jian
Xom
The Shining One
Lugonu

Shops:
D:7 ?


Innate Abilities, Weirdness & Mutations

You cannot wear most types of armour.
You are amphibious.
You can wear up to eight rings at the same time.
Your skin changes colour to match your surroundings (Stealth+).
Your rubbery body absorbs attacks. (AC +1, EV +1)
((You are camouflaged near water. (Stealth+)))
You have tentacles for arms and can constrict up to eight enemies at once.


Message History

Confirm with . or Enter, or press ? or * to list all spells.
Aiming: Stone Arrow (safe; 1% risk of failure)
Press: ? - help, Shift-Dir - straight line, f - yak
Aim: a yak (lightly wounded, 87% to hit)
You feel a surge of power!
The stone arrow misses the yak.
The stone arrow hits the yak!
The yak is heavily wounded.
The yak gores you!
* * * LOW HITPOINT WARNING * * *
Casting: Stone Arrow (safe; 1% risk of failure)
Confirm with . or Enter, or press ? or * to list all spells.
Aiming: Stone Arrow (safe; 1% risk of failure)
Press: ? - help, Shift-Dir - straight line, f/p - yak
Aim: a yak (lightly wounded, 87% to hit)
You feel a surge of power!
The stone arrow hits the yak!
The yak is moderately wounded.
Unknown command.
You block the yak's attack.
You see here +0 acid dragon scales.
Casting: Stone Arrow (safe; 1% risk of failure)
Confirm with . or Enter, or press ? or * to list all spells.
Okay, then.
Aiming: Charm
Press: ? - help, Shift-Dir - straight line, f/p - yak
Aim: a yak (moderately wounded, chance to affect: 46%)
The yak resists with some effort.
The yak gores you.
* * * LOW HITPOINT WARNING * * *
Aiming: Charm
Press: ? - help, Shift-Dir - straight line, f/p - yak
Aim: a yak (moderately wounded, chance to affect: 46%)
The yak resists with some effort.
The yak barely misses you.
Aiming: Charm
Press: ? - help, Shift-Dir - straight line, f/p - yak
Aim: a yak (moderately wounded, chance to affect: 46%)
The yak resists with some effort.
You block the yak's attack.
Aiming: Charm
Press: ? - help, Shift-Dir - straight line, f/p - yak
Aim: a yak (moderately wounded, chance to affect: 46%)
The yak resists with some effort.
The yak gores you!
You die...

...######.................#
.#...#.#.................## ####
##..>................)....###..#
########.......................##
# #..####.....................#
#.#.#.####....Y.........##.##
#####...#..#.####...........##..#
#...#.#...#...#.####.####...##...
........#...#...@YY..# #.##.#...
....#.#...#...#.#########........
.##.#...#..#.#####..###.#.##.....
..###.#.#.####.##...............[
### #..#######..#..........##.###
.## ####..........)........#####.
..#######.[.........##......####.
.....##...≈≈≈≈≈≈...####....##.#..
.#..##....≈≈§§≈≈[..# #..........


You could see 2 yaks.

Vanquished Creatures
  A two-headed ogre (D:7)
  2 centaur zombies (D:7)
  Psyche (D:8)
  An unseen horror (D:7)
  Prince Ribbit (D:7)
  Grinder (D:5)
  A shadow (D:7)
  A basilisk (D:7)
  2 yaks (D:8)
  An acid dragon (D:7)
  2 water moccasins (D:6)
  2 ice beasts (D:7)
  A sky beast (D:6)
  Purgy (Sewer)
  A necrophage (D:6)
  A black bear (D:5)
  3 ogres
  2 centaurs
  A kobold brigand (D:5)
  2 bullfrogs
  2 gnoll sergeants
  A scorpion (D:4)
  2 jellies
  A wyvern skeleton (D:3)
  A bullfrog zombie (D:5)
  A centaur skeleton (D:5)
  3 hounds
  3 orc priests
  A bullfrog skeleton (D:6)
  3 iguanas
  5 orc wizards
  A scorpion zombie (D:5)
  Ijyb (D:4)
  2 killer bee zombies
  18 gnolls
  5 adders
  A shadow imp (D:5)
  A white imp (D:7)
  An ufetubus (D:4)
  An adder zombie (D:4)
  3 worms
  4 dart slugs
  24 orcs
  6 ball pythons
  7 bats
  16 endoplasms
  8 giant cockroaches
  9 goblins
  10 hobgoblins
  12 jackals
  4 quokkas
  6 frilled lizards
  14 kobolds
  6 rats
211 creatures vanquished.

Vanquished Creatures (others)
  A wizard (D:5)
1 creature vanquished.

Grand Total: 212 creatures vanquished

Notes
Turn   | Place    | Note
-------+----------+-------------------------------------------
     0 | D:1      | lunkers the Octopode Earth Elementalist began the quest for
                  | the Orb.
     0 | D:1      | Reached XP level 1. HP: 11/11 MP: 3/3
   158 | D:1      | Reached XP level 2. HP: 17/17 MP: 3/5
   542 | D:1      | Reached XP level 3. HP: 21/21 MP: 4/6
   545 | D:1      | Learned a level 2 spell: Passwall
   549 | D:1      | Learned a level 3 spell: Stone Arrow
   776 | D:1      | Reached skill level 4 in Earth Magic
  1094 | D:2      | Reached XP level 4. HP: 27/27 MP: 4/8
  1256 | D:2      | Found a faded altar of an unknown god.
  2724 | D:3      | Reached XP level 5. HP: 24/31 MP: 9/9
  3015 | D:3      | Reached skill level 5 in Earth Magic
  3529 | D:3      | Reached XP level 6. HP: 36/36 MP: 8/11
  3815 | D:4      | Noticed Ijyb
  3861 | D:4      | Reached skill level 6 in Earth Magic
  4104 | D:4      | Killed Ijyb
  4315 | D:4      | Reached XP level 7. HP: 41/41 MP: 10/13
  5092 | D:5      | Entered Level 5 of the Dungeon
  5122 | D:5      | Reached skill level 7 in Earth Magic
  5689 | D:5      | Noticed Grinder
  5694 | D:5      | Paralysed by Grinder for 2 turns
  5695 | D:5      | Reached XP level 8. HP: 36/46 MP: 11/15
  5696 | D:5      | Killed Grinder
  5697 | D:5      | Reached skill level 5 in Spellcasting
  5697 | D:5      | Reached skill level 8 in Earth Magic
  6232 | D:5      | Reached skill level 9 in Earth Magic
  6504 | D:5      | Found a sparkling altar of Nemelex Xobeh.
  6733 | D:5      | Found a broken altar of Ashenzari.
  7011 | D:5      | Found a bloodstained altar of Trog.
  7015 | D:5      | Noticed a wizard
  7020 | D:5      | Killed a wizard
  7093 | D:5      | Became a worshipper of Ashenzari the Shackled
  7305 | D:6      | Reached XP level 9. HP: 51/51 MP: 11/18
  7467 | D:6      | Found a glowing drain.
  7490 | Sewer    | Entered a sewer
  7678 | Sewer    | Noticed Purgy
  7685 | Sewer    | Killed Purgy
  7686 | Sewer    | Reached skill level 10 in Earth Magic
  7979 | D:6      | Found a staircase to the Ecumenical Temple.
  8207 | Temple   | Entered the Ecumenical Temple
  8772 | D:6      | Reached * piety under Ashenzari
  8937 | D:7      | Found a stormy altar of Qazlal.
  9040 | D:7      | Reached skill level 11 in Earth Magic
  9130 | D:7      | Found Agiareti's Magic Scroll Emporium.
  9147 | D:7      | Found a shadowy altar of Dithmenos.
  9313 | D:7      | Noticed Prince Ribbit
  9317 | D:7      | Killed Prince Ribbit
  9318 | D:7      | Reached skill level 1 in Fighting
  9412 | D:7      | Reached XP level 10. HP: 54/59 MP: 11/21
  9767 | D:7      | Noticed a two-headed ogre
  9772 | D:7      | Killed a two-headed ogre
  9953 | D:7      | Killed an unseen horror
  9954 | D:7      | Reached skill level 12 in Earth Magic
 10456 | D:8      | Found a sacrificial altar of Ru.
 10466 | D:8      | Noticed Psyche
 10480 | D:8      | Killed Psyche
 10620 | D:7      | Slain by a yak

Illustrated notes

Levels and vault maps discovered:
D:1:      minmay_arrival_up_and_down, layout_loops_ring
D:2:      layout_basic, hellmonk_ecumenical_altar_blasted,
          kennysheep_generic_room_2
D:3:      layout_basic, minmay_pentangle
D:4:      layout_cave_pools, minmay_increasing_density, uniq_ijyb
D:5:      layout_loops_corners, kennysheep_little_box,
          nemelex_spade_bored_becter, trog_wizard, uniq_grinder
D:6:      layout_gridville, temple_statues, gup_sewer_entry_glass
D:7:      minmay_spotlight, layout_cave_pools, general_overflow_altar,
          nicolae_qazlal_general_emergency, serial_column_ruins,
          column_ruins_columns_corner, column_ruins_columns_straight,
          column_ruins_corridor_corner, column_ruins_open_tiny,
          column_ruins_columns_dead_end, serial_shops, nicolae_shop_crystal,
          uniq_prince_ribbit1
D:8:      minmay_flawed_box, layout_loops_ring, slow_altar_1,
          old_standard_altar, gammafunk_temple_overflow_forgotten,
          enter_bailey_6, st_stairs_3, nicolae_water_bricks, uniq_maggie,
          uniq_erica, uniq_psyche
Temple:   corrupted_temple

Skill      XL: |  1  2  3  4  5  6  7  8  9 10 |
---------------+-------------------------------+-----
Earth Magic    | 4 5 6 7 9 11 12 | 12.3
Spellcasting   | 3 4 6 7 8 |  8.1
Fighting       | 1 3 |  3.7
Dodging        | |  2.0
Stealth        | |  2.6
Transmutations | |  1.0

Action                   |  1- 3 |  4- 6 |  7- 9 | 10-12 || total
-------------------------+-------+-------+-------+-------++-------
Melee: Unarmed           |     2 |       |       |       ||     2
       Constrict         |     1 |    30 |    10 |       ||    41
       Tentacles         |     1 |    19 |     5 |       ||    25
       Dagger            |       |    58 |       |       ||    58
       Staff             |       |    45 |    40 |       ||    85
 Cast: Sandblast         |    46 |    41 |    25 |     6 ||   118
       Stone Arrow       |       |       |   101 |    37 ||   138
Invok: Curse Item        |       |       |     2 |     1 ||     3
Evoke: Wand              |       |       |     1 |     5 ||     6
  Use: Scroll            |       |     6 |     1 |       ||     7
 Stab: Sleeping          |       |    11 |       |       ||    11
Armor: Skin              |     1 |     8 |     6 |       ||    15
Dodge: Dodged            |     5 |    75 |    47 |    15 ||   142
Block: Buckler           |       |       |       |     2 ||     2

Table legend: (Time is in decaauts)
 A = Elapsed time spent in this place.
 B = Non-inter-level travel time spent in this place.
 C = Inter-level travel time spent in this place.
 D = Time resting spent in this place.
 E = Time spent auto-exploring this place.
 F = Levels seen in this place.
 G = Mean time per level.
                   A        B        C        D        E       F      G
               +--------+--------+--------+--------+--------+-----+--------+
         Total |  10636 |  10222 |    414 |    463 |   8194 |  10 | 1063.6 |
       Dungeon |  10105 |   9691 |    414 |    463 |   7729 |   8 | 1263.1 |
        Temple |    234 |    234 |      0 |      0 |    218 |   1 |  234.0 |
         Sewer |    296 |    296 |      0 |      0 |    247 |   1 |  296.0 |
               +--------+--------+--------+--------+--------+-----+--------+

Top non-repeatable levels by time:
     D:5: 1910 daAuts
     D:7: 1658 daAuts
     D:3: 1528 daAuts
     D:4: 1440 daAuts
     D:6: 1278 daAuts
     D:2: 1159 daAuts
     D:1: 1084 daAuts
   Sewer: 296 daAuts
  Temple: 234 daAuts
     D:8: 45 daAuts
